 Dungeon Sprint DCSS version 0.30-a0-840-ga523dec638 (webtiles) character file.

Game seed: 276928952007255809

379 retardedninja the Protected (level 6, 0/66 HPs)
             Began as a Minotaur Fighter on Mar 1, 2023.
             Slain by a neqoxec (7 damage)
             ... in the Dungeon (Sprint II: "The Violet Keep of Menkaure").
             The game lasted 00:00:24 (36 turns).

retardedninja the Protected (Minotaur Fighter)        Turns: 36, Time: 00:00:24

Health: 0/66       AC:  8    Str: 21    XL:     6   Next: 45%
Magic:  4/4        EV:  9    Int:  3    God:
Gold:   0          SH:  5    Dex:  7    Spells: 5/5 levels left

rFire   . . .      SeeInvis .    a - +0 war axe
rCold   . . .      Faith    .    c - +0 buckler
rNeg    . . .      Spirit   .    b - +0 scale mail
rPois   .          Reflect  .    (helmet restricted)
rElec   .          Harm     .    (no cloak)
rCorr   .          Rampage  .    (no gloves)
Will    .....      NoTele   +    (no boots) Stlth
                                 (no amulet)
HPRegen 0.31/turn                (no ring)
MPRegen 0.09/turn                (no ring)

@: on berserk cooldown, hasted and slowed, lost intelligence, unable to read
A: horns 2, retaliatory headbutt, clumsy 1, dopey 1, low MP 1, weak 1, inability
to read after injury 1
a: no special abilities


You were in the Dungeon.
You visited 1 branch

Inventory:

Hand Weapons
 a - a +0 war axe (weapon)
Armour
 b - a +0 scale mail (worn)
 c - a +0 buckler (worn)
Scrolls
 j - a scroll of blinking
Potions
 d - a potion of might
 h - 2 potions of magic


   Skills:
 + Level 9.8 Fighting
 + Level 5.8 Axes
 + Level 10.0 Armour
 + Level 9.7 Shields


You had 5 spell levels left.
You didn't know any spells.
Your spell library was empty.

Dungeon Overview and Level Annotations

Branches:
Dungeon (1/1)

Altars:


Innate Abilities, Weirdness & Mutations

You have a pair of horns on your head.
You reflexively headbutt those who attack you in melee.
You are clumsy. (Dex -2)
You are dopey. (Int -2)
Your magical capacity is low. (-10% MP)
You are weak. (Str -2)
You occasionally lose the ability to read scrolls when taking damage.


Message History

* * * LOW HITPOINT WARNING * * *
The neqoxec hits you!
You feel threatened and lose the ability to read scrolls!
* * * LOW HITPOINT WARNING * * *
The neqoxec gestures at you.
Strange energies course through your body.
You feel clumsy.
You can move again.
Unknown command.
You slash the neqoxec!
You kill the neqoxec!
You feel your intelligence returning.
Your Axes skill increases to level 5!
Your Armour skill increases to level 10!
Your Shields skill increases to level 9!
You have reached level 6!
Unknown command.
Unknown command.
Unknown command.
You barely miss the neqoxec. Your headbutt misses the neqoxec.
You block the neqoxec's attack.
The neqoxec hits you but does no damage.
You hit the neqoxec.
You headbutt the neqoxec, but do no damage.
The neqoxec is lightly wounded.
The neqoxec hits you but does no damage.
You hit the neqoxec.
The neqoxec is lightly wounded.
The neqoxec hits you but does no damage.
You slash the neqoxec!
The neqoxec is heavily wounded.
The neqoxec gestures at you.
Strange energies course through your body.
You feel stupid.
You hit the neqoxec but do no damage.
The neqoxec is heavily wounded.
The neqoxec gestures at you.
Something tries to feed on your intellect!
The neqoxec hits you!
You die...

# #+# .#
##.##..#
+.<@3$#
##.##.#
#+# .# #


You could see a neqoxec.

Vanquished Creatures
  3 neqoxecs (D)
3 creatures vanquished.

Vanquished Creatures (others)
  Menkaure (D)
1 creature vanquished.

Grand Total: 4 creatures vanquished

Notes
Turn   | Place    | Note
-------+----------+-------------------------------------------
     0 | D        | retardedninja the Minotaur Fighter began the quest for the
                  | Orb.
     0 | D        | Reached XP level 1. HP: 19/19 MP: 0/0
     1 | D        | Noticed a neqoxec
     1 | D        | Noticed a neqoxec
     1 | D        | Noticed a neqoxec
     1 | D        | Noticed a neqoxec
     3 | D        | Gained mutation: Your magical capacity is low. (-10% MP) [a
                  | neqoxec]
     4 | D        | Lost intelligence.
     8 | D        | Killed a neqoxec
     9 | D        | Reached skill level 7 in Armour
     9 | D        | Reached XP level 2. HP: 28/34 MP: 0/0
     9 | D        | Reached XP level 3. HP: 31/39 MP: 1/1
     9 | D        | Reached XP level 4. HP: 38/47 MP: 2/2
     9 | D        | Reached XP level 5. HP: 42/52 MP: 3/3
    15 | D        | Killed a neqoxec
    16 | D        | Reached skill level 9 in Armour
    19 | D        | Gained mutation: You are weak. (Str -2) [a neqoxec]
    20 | D        | Killed Menkaure
    25 | D        | Gained mutation: You occasionally lose the ability to read
                  | scrolls when taking damage. [a neqoxec]
    27 | D        | Lost intelligence.
    30 | D        | Gained mutation: You are clumsy. (Dex -2) [a neqoxec]
    31 | D        | Killed a neqoxec
    32 | D        | Reached skill level 5 in Axes
    32 | D        | Reached skill level 10 in Armour
    32 | D        | Reached XP level 6. HP: 5/66 MP: 4/4
    35 | D        | Gained mutation: You are dopey. (Int -2) [a neqoxec]
    36 | D        | Slain by a neqoxec

Illustrated notes

Levels and vault maps discovered:
D:        the_violet_keep_of_menkaure [sprint2_stairs_cluster_1,
          sprint2_shoproom, sprint2_temple, sprint2_basic_supplies,
          sprint2_obstacle_3, sprint2_obstacle_2, sprint2_obstacle_7,
          sprint2_obstacle_4, sprint2_obstacle_1, sprint2_timed_cluster_1,
          sprint2_smallroom_cluster_1, sprint2_smallroom_final_cluster_1,
          sprint2_transparent_cluster_1, sprint2_second_timed_cluster_1,
          sprint2_sniper_area_1, sprint2_heavy_combat_area_1,
          sprint2_mutation_trap_area_1, sprint2_forest_area_1,
          sprint2_light_combat_area_1, sprint2_behind_water_1,
          sprint2_near_end_vault_1]

Skill      XL: |  1  2  3  4  5 |
---------------+----------------+-----
Fighting       | 7 9 |  9.8
Axes           | 3 5 |  5.8
Armour         | 7 10 | 10.0
Shields        | 7 9 |  9.7

Action                     |  1- 3 |  4- 6 || total
---------------------------+-------+-------++-------
  Melee: War axe           |     4 |    22 ||    26
         Headbutt          |     2 |     2 ||     4
    Use: Potion            |     1 |     3 ||     4
 Armour: Scale mail        |     1 |     6 ||     7
  Dodge: Dodged            |       |     2 ||     2
  Block: Buckler           |       |     8 ||     8

Table legend: (Time is in decaauts)
 A = Elapsed time spent in this place.
 B = Non-inter-level travel time spent in this place.
 C = Inter-level travel time spent in this place.
 D = Time resting spent in this place.
 E = Time spent auto-exploring this place.
 F = Levels seen in this place.
 G = Mean time per level.
                   A        B        C        D        E       F      G
               +--------+--------+--------+--------+--------+-----+--------+
         Total |     45 |     45 |      0 |      0 |      0 |   1 |   45.0 |
       Dungeon |     45 |     45 |      0 |      0 |      0 |   1 |   45.0 |
               +--------+--------+--------+--------+--------+-----+--------+

Top non-repeatable levels by time:
       D: 45 daAuts
